 Dungeon Crawl Stone Soup version 0.30-a0-879-ga8ba668304 (webtiles) character file.

Game seed: 11549322650530045053

138485 Grim the Fencer (level 17, -8/133 HPs)
             Began as a Formicid Fighter on Mar 13, 2023.
             Was an Initiate of Gozag.
             Mangled by a seven-headed hydra (13 damage)
             ... on level 2 of the Swamp.
             The game lasted 01:25:20 (40149 turns).

Grim the Fencer (Formicid Fighter)                 Turns: 40149, Time: 01:25:21

Health: -8/133     AC: 26    Str: 29    XL:     17   Next: 86%
Magic:  16/17      EV: 17    Int:  8    God:    Gozag
Gold:   3154       SH: 13    Dex: 15    Spells: 16/16 levels left

rFire   . . .      SeeInvis +    j - +0 great mace "Qumaocapt" {venom, rElec rN+ Will- Dex+2}
rCold   . . .      Faith    .    G - +0 kite shield
rNeg    + . .      Spirit   .    R - +2 plate armour {rPois}
rPois   +          Reflect  .    (helmet unavailable)
rElec   +          Rampage  .    y - +2 cloak
rCorr   .                        m - +2 pair of gloves {infuse}
Will    ++...                    V - +0 pair of boots "Setow" {Contam Will++} Stlth
                                 i - amulet of the acrobat
HPRegen 0.42/turn                U - +4 ring of protection
MPRegen 0.15/turn                d - +5 ring of evasion

@: brilliant, corroded, gold aura, studying Ranged Weapons
A: permanent stasis, dig shafts and tunnels, antennae 3, four strong arms
a: Dig, Shaft Self, Renounce Religion, Potion Petition, Call Merchant, Bribe
Branch


You were on level 2 of the Swamp.
You worshipped Gozag.
Gozag was most pleased with you.
You visited 5 branches of the dungeon, and saw 26 of its levels.
You also visited: Gauntlet.

You collected 11122 gold pieces.
You spent 2401 gold pieces at shops.
You paid 5567 gold pieces to Gozag.

Inventory:

Hand Weapons
 a - the +11 Singing Sword {sonic wave}
   (You bought it in a shop on level 1 of the Dungeon)
 b - a +0 arbalest
 j - the +0 great mace "Qumaocapt" (weapon) {venom, rElec rN+ Will- Dex+2}
   (You took it off a centaur warrior on level 10 of the Dungeon)

   Dex:       It affects your dexterity (+2).
   rElec:     It insulates you from electricity.
   rN:        It protects you from negative energy.
   Will:      It decreases your willpower.
Missiles
 I - 9 silver javelins (quivered)
Armour
 m - a +2 pair of gloves of infusion (worn)
 y - a +2 cloak (worn)
 G - a +0 kite shield (worn)
 R - a +2 plate armour of poison resistance (worn)
 V - the +0 pair of boots "Setow" (worn) {Contam Will++}
   (You found it on level 10 of the Dungeon)

   Contam:    It causes magical contamination when unequipped.
   Will:      It greatly increases your willpower.
Jewellery
 d - a +5 ring of evasion (right hand)
 i - an amulet of the acrobat (around neck)
 s - a ring of ice
 x - a ring of fire
 E - a ring of resist corrosion
 M - the amulet "Dopafradgh" {Regen+ Dex+4}
   (You found it in a Gauntlet)

   [amulet of regeneration]

   Dex:       It affects your dexterity (+4).
   Regen:     It increases your rate of health regeneration.
 P - a ring of protection from fire
 U - a +4 ring of protection (left hand)
 X - a ring of positive energy
Wands
 g - a wand of roots (5)
 n - a wand of charming (28)
 v - a wand of digging (23)
 H - a wand of mindburst (2)
 J - a wand of flame (19)
 Z - a wand of light (8)
Scrolls
 c - 3 scrolls of enchant weapon
 k - 3 scrolls of enchant armour
 l - 4 scrolls of blinking
 o - 2 scrolls of fog
 p - 2 scrolls of butterflies
 r - 7 scrolls of magic mapping
 t - 5 scrolls of vulnerability
 w - 8 scrolls of teleportation
 z - a scroll of fear
 A - 4 scrolls of immolation
 C - 4 scrolls of brand weapon
 L - a scroll of silence
 N - 4 scrolls of poison
 O - a scroll of torment {unknown}
 Y - a scroll of amnesia {unknown}
Potions
 e - 7 potions of mutation {!q}
 f - a potion of resistance
 h - 2 potions of cancellation
 q - 5 potions of magic
 u - 5 potions of flight
 B - a potion of invisibility
 D - 7 potions of attraction
 F - 13 potions of curing
 K - 5 potions of ambrosia
 Q - 3 potions of degeneration {!q}
 S - 3 potions of lignification
 T - a potion of might


   Skills:
 - Level 12.1 Fighting
 * Level 15.0 Long Blades
 - Level 14.6 Axes
 + Level 8.8 Ranged Weapons
 - Level 12.1 Armour
 - Level 12.0 Dodging
 - Level 14.3 Shields


You had 16 spell levels left.
You didn't know any spells.
Your spell library contained the following spells:

 Spells                   Type           Power      Damage    Failure   Level
 Foxfire                  Conj/Fire      0%         2x1d4     99%         1
 Magic Dart               Conj           0%         1d3       99%         1
 Summon Small Mammal      Summ           0%         N/A       99%         1
 Call Imp                 Summ           0%         N/A       100%        2
 Cigotuvi's Dreadful Rot  Necr/Pois/Air  0%         N/A       100%        2
 Poisonous Vapours        Pois/Air       0%         N/A       100%        2
 Static Discharge         Conj/Air       0%         2-2/arc   100%        2
 Call Canine Familiar     Summ           0%         N/A       100%        3
 Dazzling Flash           Conj/Hex       0%         N/A       100%        3
 Gell's Gravitas          Tloc           0%         N/A       100%        3
 Kindle Blastsparks       Fire/Tloc/Air  0%         2d10      100%        3
 Mephitic Cloud           Conj/Pois/Air  0%         N/A       100%        3
 Portal Projectile        Hex/Tloc       0%         N/A       100%        3
 Summon Guardian Golem    Hex/Summ       0%         N/A       100%        3
 Teleport Other           Tloc           0%         N/A       100%        3
 Tukima's Dance           Hex            0%         N/A       100%        3
 Dispel Undead            Necr           0%         3d6       100%        4
 Fulminant Prism          Conj/Hex       0%         3d5       100%        4
 Iskenderun's Mystic Bla  Conj/Tloc      0%         2d3       100%        4
 Blade Hands              Tmut           0%         N/A       100%        5
 Fireball                 Conj/Fire      0%         3d3       100%        5
 Lee's Rapid Deconstruct  Erth           0%         3d4*      100%        5
 Death Channel            Necr           0%         N/A       100%        6
 Dispersal                Tloc           0%         N/A       100%        6
 Starburst                Conj/Fire      0%         6d3       100%        6
 Haunt                    Necr/Summ      0%         N/A       100%        7
 Infestation              Necr           0%         N/A       100%        8
 Fire Storm               Conj/Fire      0%         5d1       100%        9
 Animate Dead             Necr           Unusable   N/A       N/A         4

Dungeon Overview and Level Annotations

Branches:
Dungeon (15/15)            Temple (1/1) D:6            Lair (5/5) D:10
  Swamp (3/4) Lair:2        Snake (0/4) Lair:2        Slime (0/5) Lair:5
    Orc (2/2) D:12            Elf (0/3) Orc:2        Vaults (0/5) D:13
 Depths (0/4) D:15        Gauntlet (visited)

Altars:
Ashenzari
Cheibriados
Dithmenos
Fedhas
Gozag
Hepliaklqana
Kikubaaqudgha
Makhleb
Okawaru
Qazlal
Ru
Sif Muna
Uskayaw
Vehumet
Wu Jian
Xom
Yredelemnul
Zin
The Shining One
Jiyva

Shops:
D:1 *:*([   D:8 *   D:10 =[!   Orc:1 [   Orc:2 *(*

Portals:
Trove: D:10 (give +2 fire dragon scales)

Annotations:
D:4 2 runed translucent doors, Kiciri's ghost, amateur OgMo
Lair:3 1 runed translucent door, Iry Ugg's ghost, journeyman TeTm


Innate Abilities, Weirdness & Mutations

You cannot be hasted, slowed, berserked, paralysed or teleported.
You can dig through walls and to a lower floor.
You have a pair of large antennae on your head. (SInv)
Your four strong arms can wield two-handed weapons with a shield.


Message History

The seven-headed hydra bites you!
* * * LOW HITPOINT WARNING * * *
You block the seven-headed hydra's attack.
The seven-headed hydra barely misses you.
The seven-headed hydra bites you but does no damage.
The seven-headed hydra bites you!!
* * * LOW HITPOINT WARNING * * *
The seven-headed hydra bites you.
* * * LOW HITPOINT WARNING * * *
[a] - 432 gold - heal wounds, curing and magic [b] - 520 gold - invisibility, might, heal wounds and curing [c] - 378 gold - resistance and invisibility Purchase which effect?
You feel much better.
You feel better. Magic courses through your body.
The seven-headed hydra closely misses you.
You block the seven-headed hydra's attack.
The seven-headed hydra bites you but does no damage.
The seven-headed hydra bites you!!
* * * LOW HITPOINT WARNING * * *
The seven-headed hydra completely misses you.
The seven-headed hydra barely misses you.
The seven-headed hydra bites you but does no damage.
You bludgeon the seven-headed hydra!!
The seven-headed hydra is heavily wounded.
You block the seven-headed hydra's attack.
The seven-headed hydra closely misses you.
The seven-headed hydra bites you but does no damage. x2
You block the seven-headed hydra's attack.
The seven-headed hydra closely misses you.
The seven-headed hydra misses you.
The seven-headed hydra barely misses you.
The seven-headed hydra completely misses you.
The seven-headed hydra bites you!!
* * * LOW HITPOINT WARNING * * *
The seven-headed hydra bites you.
* * * LOW HITPOINT WARNING * * *
The seven-headed hydra bites you but does no damage. x2
The seven-headed hydra bites you!
You die...
Your body crumbles into a pile of gold.

~~..~..~..~~~~.♣......~~~.♣♣~~~~~
~~..........~~~..~~§~~~~~~~♣♣.~~~
..~(...~..)~.<~~~~~~~~~....~♣.~~~
~~.~...~~..~..~~~~~§~~~.~~~.~..~♣
~~.~...~~...[..~~~~~~~.♣~~~....♣♣
~~~........♣♣...~~~~~..♣.....~.♣♣
§...........♣.~~..~~...~§.♣♣~~..♣
....♣....~~~~.§§~$~~~~~~~.♣♣..~~~
~♣~.~♣~.~~~~..~~@.~~§.~~~.....~~.
.♣♣♣♣♣♣~~~~~..~D.......~..~~.~.>.
...♣♣ ♣......§.~.♣~.......~~~~..~
~~..♣♣♣~~~.....~..........~~.♣♣♣♣
~~~~~~.~~..~~..~...~~.♣♣♣....♣~~♣
~~~§~..........~~..~.~~~♣~..~~~.♣
.§~~~.♣♣♣....~.~...<.§~~.~~~~~.~♣
♣♣~~♣♣♣♣♣~...♣.....~.~~~.~~~§~.♣♣
♣♣♣♣♣~..♣..~~.§♣......~..~~~~♣♣


You could see a seven-headed hydra (strong).

Vanquished Creatures
  An orc warlord (Orc:1)
  An eleionoma (Swamp:1)
  2 bunyips (Swamp:2)
  A minotaur (Gauntlet)
  Snorg (D:12)
  2 fire dragons
  Josephine (D:11)
  A shambling mangrove (Swamp:2)
  An entropy weaver (Gauntlet)
  A quicksilver dragon skeleton (D:15)
  2 ghost crabs (Swamp:1)
  14 hydras
  Fannar (Lair:2)
  5 centaur warriors
  4 vault guards (D:13)
  A catoblepas (D:13)
  2 ogre magi (Orc:2)
  5 alligators
  Erica (Lair:2)
  6 boulder beetles
  17 two-headed ogres
  9 death yaks
  3 tengu warriors
  Urug (D:10)
  A vampire mage (D:15)
  An orc high priest (Orc:1)
  A storm dragon zombie (D:15)
  Lodul (D:11)
  3 skysharks (Lair:4)
  A spriggan druid (Swamp:2)
  A skeletal warrior (D:14)
  4 goliath frogs
  2 deep trolls (Orc:2)
  3 bog bodies
  4 orc knights
  3 deep elf pyromancers
  A necromancer (D:15)
  3 orc sorcerers
  27 ugly things
  7 cyclopes
  A wolf spider (Gauntlet)
  2 manticores
  2 will-o-the-wisps (Swamp:2)
  4 black mambas
  11 elephants
  A torpor snail (Gauntlet)
  18 cane toads
  7 gargoyles
  An efreet (D:11)
  4 yaktaurs (D:15)
  A spriggan zombie (D:15)
  3 kobold demonologists
  8 komodo dragons
  3 rime drakes
  A freezing wraith (D:14)
  An unseen horror (D:9)
  Psyche (D:8)
  A guardian mummy (D:15)
  A meliai (D:12)
  A troll (shapeshifter) (D:13)
  16 trolls
  8 tyrant leeches
  A polar bear (D:9)
  A polar bear (shapeshifter) (D:11)
  Prince Ribbit (D:6)
  6 hornets
  14 blink frogs
  7 dream sheep
  9 slime creatures
  A jumping spider (Gauntlet)
  6 wraiths
  4 spriggans
  4 vampires
  A spriggan (shapeshifter) (D:15)
  2 shadows
  49 yaks
  2 basilisks
  Eustachio (D:6)
  3 wyverns
  Grum (D:10)
  2 steam dragons
  A redback (Gauntlet)
  4 wargs
  15 vampire mosquitoes
  7 nagas (Lair:2)
  A naga (shapeshifter) (D:15)
  2 acid dragons
  9 swamp worms
  A glowing shapeshifter skeleton (D:15)
  14 water moccasins
  A meliai simulacrum (D:14)
  A swamp drake (Swamp:1)
  18 orc warriors
  A black bear (D:5)
  An ice beast (D:7)
  29 ogres
  15 wolves
  A sky beast (D:5)
  12 centaurs
  A kobold brigand (D:11)
  A phantom (D:7)
  21 bullfrogs
  3 gnoll sergeants
  8 scorpions
  13 wights
  10 killer bees
  3 electric eels
  5 howler monkeys
  5 jellies
  8 orc priests
  3 gnoll boudas
  A sleepcap (D:8)
  Jessica (D:2)
  Terence (D:2)
  5 iguanas
  33 orc wizards
  32 gnolls
  7 adders
  A shadow imp (D:5)
  A white imp (D:7)
  An ufetubus (D:5)
  A worm (D:3)
  A dart slug (D:3)
  70 orcs
  2 ball pythons
  8 endoplasms
  A giant cockroach (D:4)
  2 goblins
  2 hobgoblins
  3 jackals (D:3)
  14 kobolds
  4 quokkas
  2 bats
  A frilled lizard (D:3)
  7 rats
772 creatures vanquished.

Vanquished Creatures (others)
  A will-o-the-wisp (Swamp:1)
  3 bloated husks (Swamp:1)
  A shadow (D:10)
  A swamp worm (Swamp:1)
  14 foxfires (Swamp:2)
  45 fungi
  102 plants
  12 withered plants (D:15)
179 creatures vanquished.

Grand Total: 951 creatures vanquished

Notes
Turn   | Place    | Note
-------+----------+-------------------------------------------
     0 | D:1      | Grim the Formicid Fighter began the quest for the Orb.
     0 | D:1      | Reached XP level 1. HP: 18/18 MP: 1/1
    60 | D:1      | Found Reorithooli's Book Shoppe.
   154 | D:1      | Found Fimn's General Store.
   339 | D:1      | Reached XP level 2. HP: 24/24 MP: 2/2
   582 | D:1      | Found Vophiput's Antique Weapon Shop.
   648 | D:1      | Found Ulyphi's Assorted Antiques.
   746 | D:1      | Found Fukicy's Antique Armour Emporium.
   942 | D:2      | Noticed Jessica
   960 | D:2      | Killed Jessica
   961 | D:2      | Reached XP level 3. HP: 22/29 MP: 3/3
  1039 | D:2      | Reached XP level 4. HP: 19/35 MP: 4/4
  1129 | D:2      | Found a faded altar of an unknown god.
  1411 | D:2      | Noticed Terence
  1423 | D:2      | Killed Terence
  1857 | D:3      | Reached skill level 5 in Axes
  1857 | D:3      | Reached XP level 5. HP: 40/41 MP: 5/5
  2300 | D:3      | Reached XP level 6. HP: 20/47 MP: 6/6
  2824 | D:4      | Found a runed translucent door.
  2928 | D:4      | Found a runed translucent door.
  3360 | D:4      | Reached XP level 7. HP: 52/52 MP: 7/7
  3442 | D:4      | Found a blossoming altar of Fedhas.
  3485 | D:4      | Noticed Kiciri's ghost (amateur OgMo)
  3819 | D:5      | Entered Level 5 of the Dungeon
  3984 | D:5      | Reached XP level 8. HP: 50/58 MP: 8/8
  4040 | D:5      | Noticed a troll
  4050 | D:5      | Killed a troll
  4281 | D:5      | Reached skill level 10 in Axes
  4986 | D:5      | Reached XP level 9. HP: 64/64 MP: 9/9
  5505 | D:6      | Found a staircase to the Ecumenical Temple.
  5516 | Temple   | Entered the Ecumenical Temple
  5525 | Temple   | Became a worshipper of Gozag Ym Sagoz the Greedy
  5545 | D:6      | Noticed Prince Ribbit
  5545 | D:6      | Noticed Eustachio
  5579 | D:6      | Killed Prince Ribbit
  5734 | D:6      | Killed Eustachio
  6337 | D:7      | Found a shimmering blue altar of Sif Muna.
  6662 | D:7      | Reached XP level 10. HP: 70/70 MP: 10/10
  6724 | D:7      | Found a shimmering altar of Xom.
  7405 | D:7      | Reached skill level 5 in Shields
  7430 | D:7      | Reached skill level 5 in Fighting
  7726 | D:8      | Identified the +0 robe "Usiclox" {rPois Regen+ Stlth+}
  7839 | D:8      | Found Otabboz's Assorted Antiques.
  7859 | D:8      | Found a basalt altar of Yredelemnul.
  8077 | D:8      | Noticed Psyche
  8172 | D:8      | Killed Psyche
  8226 | D:8      | Found an ornate altar of the Wu Jian Council.
  8282 | D:8      | Found a burning altar of Makhleb.
  8885 | D:9      | Noticed a gargoyle
  8895 | D:9      | Killed a gargoyle
  9087 | D:9      | Found a sacrificial altar of Ru.
  9182 | D:9      | Found a shadowy altar of Dithmenos.
  9187 | D:9      | Noticed an unseen horror
  9203 | D:9      | Killed an unseen horror
  9204 | D:9      | Reached XP level 11. HP: 73/87 MP: 11/11
  9312 | D:9      | Noticed a two-headed ogre
  9319 | D:9      | Killed a two-headed ogre
  9624 | D:9      | Noticed a two-headed ogre
  9628 | D:9      | a two-headed ogre changed into a polar bear
  9713 | D:9      | Found an iron altar of Okawaru.
  9761 | D:10     | Entered Level 10 of the Dungeon
  9764 | D:10     | Found a portal to a secret trove of treasure.
 10061 | D:10     | Noticed a two-headed ogre
 10138 | D:10     | Killed a two-headed ogre
 10139 | D:10     | Reached skill level 10 in Fighting
 10204 | D:10     | Noticed a two-headed ogre
 10220 | D:10     | Killed a two-headed ogre
 10407 | D:10     | Found a stormy altar of Qazlal.
 10651 | D:10     | Found Fedghyt's Jewellery Emporium.
 10697 | D:10     | Noticed Grum
 10720 | D:10     | Killed Grum
 10854 | D:10     | Found Kakhly's Armour Emporium.
 10862 | D:10     | Found a staircase to the Lair.
 11146 | D:10     | Found Tuthuciv's Distillery.
 11271 | D:10     | Noticed a two-headed ogre
 11312 | D:10     | Killed a two-headed ogre
 11313 | D:10     | Reached skill level 10 in Shields
 11610 | D:10     | HP: 4/94 [gargoyle/stone arrow (9)]
 12048 | D:10     | Found a runed translucent door.
 12049 | D:10     | Noticed a cyclops
 12067 | D:10     | Noticed a two-headed ogre
 12292 | D:9      | Killed a two-headed ogre
 12293 | D:9      | Reached XP level 12. HP: 22/102 MP: 12/12
 12679 | D:10     | Identified the +0 great mace "Qumaocapt" {venom, rElec rN+
                  | Will- Dex+2}
 12679 | D:10     | Noticed a centaur warrior
 12689 | D:10     | Killed a centaur warrior
 12702 | D:10     | Reached skill level 5 in Armour
 12703 | D:10     | Noticed a six-headed hydra
 13100 | D:10     | Noticed a six-headed hydra
 13237 | D:10     | Killed a six-headed hydra
 13395 | D:10     | Killed a six-headed hydra
 13793 | D:10     | Got the Tractate on Attacks and Breath
 13794 | D:10     | Identified the +0 pair of boots "Setow" {Contam Will++}
 13907 | D:11     | Noticed a two-headed ogre
 13907 | D:11     | Found a stormy altar of Qazlal.
 13986 | D:11     | Noticed Urug
 14115 | D:10     | Killed Urug
 14517 | D:11     | Identified the +3 scale mail of the Apothecary {Contam Fly
                  | Str+8 Int-3}
 14647 | D:11     | Noticed a boulder beetle
 14685 | D:11     | Killed a boulder beetle
 15063 | D:11     | Reached XP level 13. HP: 107/108 MP: 13/13
 16017 | D:12     | Noticed Lodul
 16028 | D:11     | Reached skill level 10 in Armour
 16169 | D:11     | Killed Lodul
 16454 | D:12     | Found a staircase to the Orcish Mines.
 16884 | D:12     | Noticed Josephine
 16998 | D:11     | Killed Josephine
 17386 | D:12     | Noticed Snorg
 17406 | D:12     | Killed Snorg
 17717 | D:12     | Noticed a five-headed hydra
 17723 | D:12     | Killed a five-headed hydra
 17724 | D:12     | Reached skill level 1 in Dodging
 18251 | D:13     | Identified the +0 robe of the Barracuda {Harm Stlth+}
 18414 | D:13     | Noticed a centaur warrior
 18422 | D:13     | Killed a centaur warrior
 18601 | D:13     | Reached XP level 14. HP: 55/115 MP: 14/14
 19395 | D:12     | Reached skill level 5 in Dodging
 20106 | D:13     | Found a gate to the Vaults.
 20342 | D:13     | Identified the +8 whip of Honour {freeze, rN+ Will+ rCorr
                  | Str-3}
 20346 | D:13     | Found a broken altar of Ashenzari.
 20989 | D:13     | HP: 5/115 [white ugly thing (23)]
 22091 | D:15     | Entered Level 15 of the Dungeon
 22847 | D:14     | Identified a scroll of acquirement
 22848 | D:14     | Acquired 1156 gold pieces
 22899 | D:14     | Reached XP level 15. HP: 53/120 MP: 15/15
 23397 | D:1      | Bought the +11 Singing Sword {sonic wave} for 2100 gold
                  | pieces
 23397 | D:1      | Found the +11 Singing Sword {sonic wave}
 23757 | D:14     | Reached skill level 1 in Long Blades
 24029 | D:15     | Reached skill level 2 in Long Blades
 24230 | D:15     | Reached skill level 3 in Long Blades
 24607 | D:15     | Reached skill level 4 in Long Blades
 25415 | D:15     | Reached skill level 5 in Long Blades
 25705 | D:15     | Found a staircase to the Depths.
 26215 | Lair:1   | Entered Level 1 of the Lair of Beasts
 26464 | Lair:1   | Reached skill level 6 in Long Blades
 26471 | Lair:1   | Found a basalt altar of Yredelemnul.
 26855 | Lair:2   | Noticed Fannar
 26902 | Lair:2   | Killed Fannar
 26982 | Lair:2   | Reached skill level 10 in Dodging
 27156 | Lair:2   | Noticed Erica
 27199 | Lair:2   | Killed Erica
 27200 | Lair:2   | Reached skill level 7 in Long Blades
 27614 | Lair:2   | Found a staircase to the Snake Pit.
 27766 | Lair:2   | Found a staircase to the Swamp.
 27947 | Lair:3   | Found a gate leading to a gauntlet.
 27956 | Gauntlet | Entered a Gauntlet
 27956 | Gauntlet | Found a transporter.
 27956 | Gauntlet | Found a transporter.
 27957 | Gauntlet | Found a transporter.
 27960 | Gauntlet | Found a transporter.
 27960 | Gauntlet | Found a transporter.
 27976 | Gauntlet | Found a transporter.
 27977 | Gauntlet | Found a transporter.
 28035 | Gauntlet | Found a transporter.
 28051 | Gauntlet | Found a transporter.
 28060 | Gauntlet | Found a transporter.
 28062 | Gauntlet | Found a large runed translucent door.
 28063 | Gauntlet | Found a large runed translucent door.
 28064 | Gauntlet | Found a large runed translucent door.
 28064 | Gauntlet | Found a large runed translucent door.
 28064 | Gauntlet | Found a runed translucent door.
 28064 | Gauntlet | Found a runed translucent door.
 28065 | Gauntlet | Found a large runed translucent door.
 28066 | Gauntlet | Found a large runed translucent door.
 28067 | Gauntlet | Found a large runed translucent door.
 28067 | Gauntlet | Found a large runed translucent door.
 28068 | Gauntlet | Found a runed translucent gate.
 28068 | Gauntlet | Found a runed translucent gate.
 28068 | Gauntlet | Found a runed translucent gate.
 28070 | Gauntlet | Found a transporter.
 28079 | Gauntlet | Found a large runed translucent door.
 28079 | Gauntlet | Found a large runed translucent door.
 28080 | Gauntlet | Found a large runed translucent door.
 28081 | Gauntlet | Found a large runed translucent door.
 28085 | Gauntlet | Found a transporter.
 28123 | Gauntlet | Found a large runed translucent door.
 28125 | Gauntlet | Found a large runed translucent door.
 28126 | Gauntlet | Found a large runed translucent door.
 28126 | Gauntlet | Found a large runed translucent door.
 28194 | Gauntlet | Identified the -1 pair of gloves of Fedhas's Favour {Drain
                  | Str+4 Int+4}
 28195 | Gauntlet | Identified the -2 pair of gloves of Darkness {Str+2 Int+3}
 28260 | Gauntlet | Reached skill level 8 in Long Blades
 28566 | Gauntlet | Identified the amulet "Dopafradgh" {Regen+ Dex+4}
 28951 | Lair:3   | Found a runed translucent door.
 28952 | Lair:3   | Noticed Iry Ugg's ghost (journeyman TeTm)
 28953 | Lair:3   | Identified the +10 spear of Anguish {freeze, rPois rC-
                  | MP+9}
 29115 | Lair:3   | Reached XP level 16. HP: 126/127 MP: 16/16
 29117 | Lair:3   | Reached skill level 9 in Long Blades
 30979 | Lair:4   | Identified the +2 hat of the Blessed Realm {rF+}
 31033 | Lair:4   | Reached skill level 10 in Long Blades
 31876 | Lair:5   | Entered Level 5 of the Lair of Beasts
 32109 | Lair:4   | Reached skill level 11 in Long Blades
 33590 | Lair:4   | Reached skill level 12 in Long Blades
 34877 | Lair:5   | Found a viscous altar of Jiyva.
 34877 | Lair:5   | Found a staircase to the Slime Pits.
 35320 | Orc:1    | Entered Level 1 of the Orcish Mines
 35393 | D:12     | Reached skill level 1 in Ranged Weapons
 35524 | Orc:1    | Reached XP level 17. HP: 127/133 MP: 17/17
 35636 | Orc:2    | Entered Level 2 of the Orcish Mines
 35823 | Orc:2    | Reached skill level 13 in Long Blades
 35872 | Orc:2    | Reached skill level 5 in Ranged Weapons
 36020 | Orc:2    | Found Gipp's General Store.
 36107 | Orc:2    | Found Ylowk's General Store.
 36124 | Orc:2    | Found Xaryamn's Assorted Antiques.
 36126 | Orc:2    | Found Geuw's Weapon Boutique.
 36383 | Orc:2    | Found a staircase to the Elven Halls.
 37034 | Orc:1    | Bought a +2 pair of gloves of infusion for 301 gold pieces
 37256 | Swamp:1  | Entered Level 1 of the Swamp
 37730 | Swamp:1  | Reached skill level 14 in Long Blades
 39960 | Swamp:2  | Reached skill level 15 in Long Blades
 40149 | Swamp:2  | HP: 5/133 [seven-headed hydra (2)]
 40149 | Swamp:2  | Mangled by a seven-headed hydra

Illustrated notes

Levels and vault maps discovered:
D:1:      lemuel_arrival_tunnels, layout_basic, serial_shops,
          nicolae_shop_advertising_works [nicolae_subvault_shop_adworks],
          nicolae_shop_hallway_plus, nicolae_shop_hallway_plus,
          nicolae_shop_statue_plus, nicolae_shop_trees
D:2:      layout_loops_ring, basic_ecumenical_altar, uniq_jessica, uniq_terence
D:3:      layout_basic
D:4:      layout_cave_pools, fedhas_altar_1, ebering_ghost_sewer_f
D:5:      layout_loops_ring
D:6:      layout_basic, minmay_temple_entry_arrows, serial_bayou_pond_e,
          uniq_prince_ribbit1, uniq_eustachio
D:7:      layout_basic, mainiacjoe_overflow_boulevard,
          mainiacjoe_overflow_brackets
D:8:      layout_basic, nzn_wu_jian_contemplation, lightli_temple_of_fire,
          lemuel_tele_altar, serial_shops, nicolae_shop_crystal, uniq_psyche
D:9:      layout_roguey, mainiacjoe_overflow_small_starburst,
          nicolae_ru_sacrificial_ziggurat, okawaru_altar_gauntlet_db,
          nicolae_elevator_lobby_asterisk
D:10:     minmay_the_grid_triangle_9x9_rhombus_full
          [minmay_the_grid_triangle_9x9_swiss_cheese,
          minmay_the_grid_triangle_9x9_negative_grid,
          minmay_the_grid_triangle_9x9_pentomino_pain,
          minmay_the_grid_triangle_9x9_semitri,
          minmay_the_grid_triangle_9x9_sprig,
          minmay_the_grid_triangle_9x9_skeleton,
          minmay_the_grid_triangle_9x9_subtriangle,
          minmay_the_grid_triangle_9x9_prize_center], layout_basic,
          nicolae_qazlal_style_of_elements, enter_trove_3, serial_shops, shop,
          shop, shop, uniq_grum
D:11:     layout_loops_ring, minmay_ruined_shrine, uniq_urug
D:12:     layout_big_octagon, orc_0_dummy, nzn_random_ring, uniq_lodul,
          uniq_josephine, uniq_snorg
D:13:     layout_gridville, lightli_vaults_fourway_checkpoint,
          cheibrodos_ashenzari_chains
D:14:     layout_gridville
D:15:     gammafunk_depths_entry_grave, layout_irregular_city,
          minmay_misc_feat_four_crosses, nicolae_concentric_dashed_squares_wild
Temple:   nicolae_temple_ecumenical_triangle
Lair:1:   layout_roguey, basic_altar
Lair:2:   layout_long_grid, skrybe_swamp_entry_bodies,
          minmay_snake_entry_guardpost_large, serial_rivers,
          chequers_serial_rivers_micro_e, chequers_serial_rivers_micro_a,
          chequers_serial_rivers_micro_d, chequers_serial_rivers_room_b,
          chequers_serial_rivers_room_a, uniq_fannar, uniq_erica
Lair:3:   layout_layer_cave, gauntlet_entry_generic, ebering_ghost_funeral_grove
Lair:4:   nzn_winding_woodlands_large [nzn_winding_woodlands_5x5_cross,
          nzn_winding_woodlands_5x15_longhouse,
          nzn_winding_woodlands_5x5_checkerboard,
          nzn_winding_woodlands_center_garden,
          nzn_winding_woodlands_15x15_boxy_spiral,
          nzn_winding_woodlands_center_triple_pond,
          nzn_winding_woodlands_5x5_closed_star,
          nzn_winding_woodlands_5x15_pool, nzn_winding_woodlands_5x5_three],
          layout_cave_pods, serial_bayou_shore_a
Lair:5:   minmay_lair_end_frog_pond, layout_regular_city,
          nicolae_slime_entry_slimehenge
Swamp:1:  layout_basic_swamp, evilmike_swamp_ruin_house_1, swamp_pool3,
          infiniplex_staircase_pool
Swamp:2:  layout_basic_swamp, evilmike_swamp_ruin_house_5
Swamp:3:  layout_falls_marsh, hangedman_swamp_ruin_wall, uniq_donald
Orc:1:    layout_caves, kennysheep_orc_chapel
Orc:2:    st_orc_open, layout_caves

Skill      XL: |  1  2  3  4  5  6  7  8  9 10 11 12 13 14 15 16 17 |
---------------+----------------------------------------------------+-----
Axes           | 3 4 5 6 8 10 13 14 | 14.6
Fighting       | 8 12 | 12.1
Shields        | 7 10 12 14 | 14.3
Armour         | 9 12 | 12.1
Dodging        | 3 9 10 12 | 12.0
Long Blades    | 8 12 15 | 15.0
Ranged Weapons | 1 8 |  8.8

Action                     |  1- 3 |  4- 6 |  7- 9 | 10-12 | 13-15 | 16-18 || total
---------------------------+-------+-------+-------+-------+-------+-------++-------
  Melee: War axe           |    65 |   199 |   241 |   590 |   216 |       ||  1311
         Great mace        |       |       |       |    56 |   111 |    44 ||   211
         Battleaxe         |       |       |       |       |   347 |       ||   347
         Double sword      |       |       |       |       |   392 |   817 ||  1209
   Fire: Arbalest          |       |       |       |       |       |    53 ||    53
  Throw: Dart              |       |       |       |    15 |    19 |       ||    34
         Throwing net      |       |       |       |       |     2 |       ||     2
 Invoke: Potion Petition   |       |       |       |     2 |     7 |     8 ||    17
         Call Merchant     |       |       |       |       |       |     1 ||     1
  Evoke: Wand              |       |       |     2 |     1 |     3 |       ||     6
    Use: Potion            |       |       |     2 |     4 |     1 |     1 ||     8
         Scroll            |       |       |       |    10 |    13 |     5 ||    28
   Stab: Distracted        |       |       |       |     1 |     3 |     4 ||     8
         Invisible         |       |       |       |       |     2 |       ||     2
 Armour: Scale mail        |    25 |    72 |   133 |   207 |    15 |       ||   452
         Plate armour      |       |       |       |       |   461 |   452 ||   913
         Skin              |       |       |       |       |    31 |       ||    31
  Dodge: Dodged            |    30 |   101 |   125 |   426 |   629 |   777 ||  2088
  Block: Buckler           |    15 |    33 |    65 |       |       |       ||   113
         Kite shield       |       |       |    12 |   464 |   800 |   695 ||  1971

Table legend: (Time is in decaauts)
 A = Elapsed time spent in this place.
 B = Non-inter-level travel time spent in this place.
 C = Inter-level travel time spent in this place.
 D = Time resting spent in this place.
 E = Time spent auto-exploring this place.
 F = Levels seen in this place.
 G = Mean time per level.
                   A        B        C        D        E       F      G
               +--------+--------+--------+--------+--------+-----+--------+
         Total |  40593 |  38773 |   1820 |  14913 |  16036 |  27 | 1503.4 |
       Dungeon |  26623 |  25259 |   1364 |  10561 |   9578 |  15 | 1774.9 |
        Temple |     18 |      9 |      9 |      0 |      3 |   1 |   18.0 |
          Lair |   8871 |   8632 |    239 |   2886 |   4334 |   5 | 1774.2 |
         Swamp |   2726 |   2673 |     53 |   1008 |   1014 |   3 |  908.7 |
  Orcish Mines |   1731 |   1578 |    153 |    221 |    971 |   2 |  865.5 |
      Gauntlet |    621 |    621 |      0 |    237 |    135 |   1 |  621.0 |
               +--------+--------+--------+--------+--------+-----+--------+

Top non-repeatable levels by time:
  Lair:4: 4199 daAuts
    D:10: 3981 daAuts
    D:14: 2682 daAuts
    D:13: 2429 daAuts
    D:11: 2356 daAuts
    D:15: 2145 daAuts
    D:12: 2132 daAuts
     D:9: 1646 daAuts
 Swamp:1: 1620 daAuts
     D:5: 1512 daAuts
     D:3: 1450 daAuts
  Lair:2: 1384 daAuts
     D:8: 1369 daAuts
  Lair:3: 1309 daAuts
  Lair:5: 1250 daAuts
